[Event "Titled Tuesday Blitz October 5 2021"]
[White "Goncalves, Ivan Mesquita V"]
[Black "Navalgund, Niranjan"]
[WhiteFideId "2114224"]
[BlackFideId "5030854"]
[WhiteElo "2299"]
[BlackElo "2290"]
[Result "1-0"]
[Round "03"]
[TimeControl "180+1"]
[Date "2021.10.05"]
[WhiteClock "0:00:09"]
[BlackClock "0:00:08"]

1. d4 Nf6 2. Nf3 Ne4 3. Bf4 g6 4. Nbd2 d5 5. e3 Nd7 6. c4 c6 7. Bd3 Ndf6 8. h3 Bg7 9. O-O O-O 10. Qc2 Nxd2 11. Nxd2 dxc4 12. Nxc4 Nd5 13. Be5 Nb4 14. Qd2 Nxd3 15. Bxg7 Kxg7 16. Qxd3 Be6 17. Ne5 f6 18. Nf3 c5 19. Qb5 cxd4 20. Nxd4 Bf7 21. Qxb7 Rb8 22. Qxa7 Rxb2 23. a4 Qd6 24. Rfd1 Bd5 25. Nb5 Qe5 26. Qc5 e6 27. Qd4 Qg5 28. e4 Bxe4 29. Qxe4 Rf7 30. Qxe6 Qf4 31. Qe3 Qb4 32. Qc3 Rb7 33. Qxb4 Rxb4 34. Nd6 Ra7 35. a5 f5 36. Rd5 Ra6 37. Rb5 Rd4 38. Nb7 Rd2 39. Nc5 Ra8 40. a6 Re8 41. a7 Ree2 42. a8=Q Rxf2 43. Ne6+ Kh6 44. Rb4 Kh5 45. Qc6 Rfe2 46. Nf4+ Kg5 47. Nxe2 Rxe2 48. Qd6 Re4 49. Rxe4 fxe4 50. Ra5+ Kh6 51. Qf4+ Kg7 52. Ra7+ Kg8 53. Qb8# 1-0


[Site "https://www.chess.com"]

[Event "Titled Tuesday Blitz October 5 2021"]
[White "Gorin, Leonid"]
[Black "Nesterov, Arseniy"]
[WhiteFideId "4131991"]
[BlackFideId "24198455"]
[WhiteElo "2363"]
[BlackElo "2494"]
[Result "0-1"]
[Round "03"]
[TimeControl "180+1"]
[Date "2021.10.05"]
[WhiteClock "0:00:47"]
[BlackClock "0:00:05"]

1. e4 e5 2. Nf3 Nc6 3. Bb5 Nge7 4. d4 exd4 5. Nxd4 Nxd4 6. Qxd4 Nc6 7. Qe3 g6 8. Bd2 Bg7 9. Bc3 O-O 10. Bxg7 Kxg7 11. Nc3 d6 12. Bxc6 bxc6 13. O-O-O Qf6 14. f4 Re8 15. Rhe1 Be6 16. e5 dxe5 17. Qxe5 Bg4 18. Qxf6+ Kxf6 19. Rxe8 Rxe8 20. Rf1 h5 21. Kd2 Rd8+ 22. Ke3 Bf5 23. Rf2 Re8+ 24. Kd4 Re1 25. Kc5 Rh1 26. h3 Rh2 27. Re2 Bd7 28. Ne4+ Kf5 29. g4+ hxg4 30. hxg4+ Kxf4 31. Rxh2 Kxe4 32. Rh7 Be6 33. Kxc6 Kf4 34. Kxc7 Kxg4 35. Kd6 Bxa2 36. b3 Bb1 37. c4 f5 38. c5 f4 39. c6 f3 40. Rf7 Bf5 41. c7 f2 42. Rxf5 gxf5 43. c8=Q f1=Q 44. Qg8+ Kf4 45. Qd5 Qa6+ 46. Kd7 Qb6 47. b4 Qxb4 48. Ke6 Qe4+ 49. Qxe4+ fxe4 0-1


[Site "https://www.chess.com"]

[Event "Titled Tuesday Blitz October 5 2021"]
[White "Hambleton, Aman"]
[Black "Demin, Vladimir"]
[WhiteFideId "2606577"]
[BlackFideId "4167457"]
[WhiteElo "2552"]
[BlackElo "2527"]
[Result "1-0"]
[Round "03"]
[TimeControl "180+1"]
[Date "2021.10.05"]
[WhiteClock "0:01:02"]
[BlackClock "0:00:42"]

1. d4 d5 2. Bf4 Nf6 3. e3 c5 4. c3 Nc6 5. Nd2 e6 6. Ngf3 Bd6 7. Bg3 O-O 8. Bd3 Qe7 9. Ne5 Nd7 10. Nxd7 Bxd7 11. Bxd6 Qxd6 12. dxc5 Qxc5 13. Bxh7+ Kxh7 14. Qh5+ Kg8 15. Ne4 Qc4 16. Ng5 Qd3 17. e4 Rfd8 18. Qxf7+ Kh8 19. Rd1 Qc2 20. O-O Ne5 21. Qh5+ Kg8 22. f4 Nc4 23. Rf2 Qa4 24. Qf7+ Kh8 25. Rd3 e5 26. f5 1-0


[Site "https://www.chess.com"]

[Event "Titled Tuesday Blitz October 5 2021"]
[White "Hasman, Cengiz"]
[Black "Liyanage, Ranindu Dilshan"]
[WhiteFideId "413364"]
[BlackFideId "9915834"]
[WhiteElo "2020"]
[BlackElo "1839"]
[Result "1/2-1/2"]
[Round "03"]
[TimeControl "180+1"]
[Date "2021.10.05"]
[WhiteClock "0:00:19"]
[BlackClock "0:00:16"]

1. d4 Nf6 2. c4 e6 3. Bg5 d5 4. Nc3 a6 5. cxd5 exd5 6. e3 Be6 7. Bd3 Nbd7 8. Nge2 Bd6 9. f3 h6 10. Bh4 c5 11. O-O O-O 12. Kh1 Qb6 13. Na4 Qa7 14. dxc5 Bxc5 15. Nxc5 Qxc5 16. Bf2 Rac8 17. Nd4 Ne5 18. Be2 Qb6 19. b3 Rfd8 20. Rc1 Qa5 21. Rc2 Qa3 22. Qc1 Qa5 23. Qd2 Qa3 24. Qc1 Qe7 25. Qd2 Rxc2 26. Qxc2 Rc8 27. Qd2 Qc7 28. Bg3 Nh5 29. Bf2 Qc3 30. Qxc3 Rxc3 31. g4 Nf6 32. Rd1 Nc6 33. Nxe6 fxe6 34. Kg2 Rc2 35. Bd3 Rxa2 36. Kg3 Kf7 37. h4 e5 38. g5 hxg5 39. hxg5 Nh5+ 40. Kg2 d4 41. Re1 dxe3 42. Rxe3 Nf4+ 43. Kg3 Ke6 44. Bf1 Nd4 45. Re1 Nf5+ 46. Kg4 Rxf2 47. Bc4+ Nd5 48. Bxd5+ Kxd5 49. Kxf5 Rxf3+ 50. Kg6 Rxb3 51. Kxg7 Rf3 52. Rd1+ Ke6 53. g6 Rg3 54. Rb1 b5 55. Ra1 Kf5 56. Rf1+ Ke4 57. Ra1 Kf5 58. Rf1+ Ke6 59. Ra1 e4 60. Rxa6+ Kf5 61. Rb6 e3 62. Rxb5+ Kf4 63. Rb7 e2 64. Rf7+ Ke3 65. Re7+ Kf2 66. Rxe2+ Kxe2 67. Kh7 Rh3+ 68. Kg8 Ke3 69. g7 Ke4 70. Kf7 Rf3+ 71. Ke7 Rg3 72. Kf7 Kf5 73. g8=Q Rxg8 74. Kxg8 1/2-1/2


[Site "https://www.chess.com"]

[Event "Titled Tuesday Blitz October 5 2021"]
[White "Havanecz, Bianka"]
[Black "Harshavardhan G B"]
[WhiteFideId "704814"]
[BlackFideId "25059009"]
[WhiteElo "2433"]
[BlackElo "1825"]
[Result "0-1"]
[Round "03"]
[TimeControl "180+1"]
[Date "2021.10.05"]
[WhiteClock "0:00:34"]
[BlackClock "0:02:11"]

1. d4 d5 2. c4 dxc4 3. e3 c5 4. Bxc4 Nf6 5. Nf3 e6 6. O-O a6 7. Qe2 b5 8. Bd3 Bb7 9. Rd1 Qc7 10. Nc3 Nbd7 11. e4 cxd4 12. Nxd4 Bc5 13. Nb3 Ba7 14. Bg5 Ne5 15. Bc2 O-O 16. Rac1 Neg4 17. g3 Nxf2 18. Bxf6 Nxd1+ 19. Kg2 Ne3+ 20. Kh3 gxf6 0-1


[Site "https://www.chess.com"]

[Event "Titled Tuesday Blitz October 5 2021"]
[White "Holt, Conrad"]
[Black "Kadam, Om Manish"]
[WhiteFideId "2034387"]
[BlackFideId "45076294"]
[WhiteElo "2586"]
[BlackElo "1729"]
[Result "1-0"]
[Round "03"]
[TimeControl "180+1"]
[Date "2021.10.05"]
[WhiteClock "0:00:09"]
[BlackClock "0:00:34"]

1. d4 Nf6 2. c4 e6 3. Nc3 d5 4. cxd5 exd5 5. Bg5 Be7 6. e3 O-O 7. Bd3 Nbd7 8. Nge2 Re8 9. O-O Nf8 10. b4 c6 11. b5 g6 12. bxc6 bxc6 13. Na4 Ne6 14. Bh4 Ng7 15. Rc1 Bd7 16. Nc5 Nf5 17. Bxf6 Bxf6 18. Nxd7 Qxd7 19. Bxf5 gxf5 20. Qa4 Rac8 21. Rc2 Re6 22. Nf4 Rd6 23. Nd3 Qe8 24. Rfc1 Re6 25. Qxa7 Rd6 26. Qa3 Be7 27. Qc3 Bg5 28. a4 Rh6 29. Ne5 f4 30. Nf3 Bf6 31. exf4 Qe4 32. Qe3 Ra8 33. Ra2 Bg7 34. h3 Rg6 35. Qxe4 dxe4 36. Ne5 Bxe5 37. dxe5 f6 38. Rxc6 fxe5 39. Rxg6+ hxg6 40. fxe5 Kf7 41. a5 Ke6 42. a6 Kxe5 43. a7 Kf4 44. Kh2 g5 45. Ra3 Kf5 46. Kg3 1-0


[Site "https://www.chess.com"]

[Event "Titled Tuesday Blitz October 5 2021"]
[White "Horobetz, Graham"]
[Black "Andreikin, Dmitry"]
[WhiteFideId "2047322"]
[BlackFideId "4158814"]
[WhiteElo "2618"]
[BlackElo "2736"]
[Result "0-1"]
[Round "03"]
[TimeControl "180+1"]
[Date "2021.10.05"]
[WhiteClock "0:00:02"]
[BlackClock "0:01:05"]

1. e4 c6 2. d4 d5 3. Nc3 dxe4 4. Nxe4 Nf6 5. Nxf6+ exf6 6. c3 Bd6 7. Bd3 O-O 8. Qc2 h5 9. Ne2 Qc7 10. Be3 Nd7 11. O-O-O Nb6 12. c4 c5 13. Kb1 Re8 14. h3 Bd7 15. d5 a5 16. Nc3 a4 17. g4 a3 18. b3 Rxe3 19. fxe3 h4 20. Bf5 Re8 21. Ne4 Bf8 22. Rhg1 Qe5 23. Nd2 g6 24. Be4 Bg7 25. Kc1 Nc8 26. Bd3 Nd6 27. e4 b5 28. Rdf1 bxc4 29. Nxc4 Nxc4 30. Bxc4 Qa1+ 31. Kd2 Qd4+ 32. Qd3 Bh6+ 33. g5 Qb2+ 34. Qc2 Bxg5+ 35. Rxg5 fxg5 36. Qxb2 axb2 37. Re1 Rxe4 38. Rb1 Bxh3 39. Rxb2 g4 40. a4 g3 41. Kd3 Re1 42. a5 g2 43. Rxg2 Bxg2 44. d6 Rd1+ 0-1


[Site "https://www.chess.com"]

[Event "Titled Tuesday Blitz October 5 2021"]
[White "Itkis, Boris"]
[Black "Avila Pavas, Santiago"]
[WhiteFideId "1209167"]
[BlackFideId "4437128"]
[WhiteElo "2227"]
[BlackElo "2292"]
[Result "0-1"]
[Round "03"]
[TimeControl "180+1"]
[Date "2021.10.05"]
[WhiteClock "0:00:38"]
[BlackClock "0:01:35"]

1. c4 e5 2. Nc3 Nc6 3. Nf3 Nf6 4. e4 Bb4 5. d3 Bxc3+ 6. bxc3 d6 7. g3 O-O 8. Bg2 Nd7 9. O-O Nc5 10. Nh4 a6 11. Be3 b5 12. d4 Na4 13. Qb3 Na5 14. Qb4 Nxc4 15. Rae1 c5 16. dxc5 Nxe3 17. Rxe3 dxc5 18. Qb1 Be6 19. Nf5 Qd2 20. Rd1 Qxa2 21. Qc1 Qb2 22. Red3 Qxc1 23. Rxc1 Rfd8 24. Rcd1 Rxd3 25. Rxd3 Nb2 26. Rd6 a5 27. Bf1 a4 0-1


[Site "https://www.chess.com"]

[Event "Titled Tuesday Blitz October 5 2021"]
[White "Janaszak, Dawid"]
[Black "Sasikiran, Krishnan"]
[WhiteFideId "1119206"]
[BlackFideId "5004985"]
[WhiteElo "2215"]
[BlackElo "2552"]
[Result "1-0"]
[Round "03"]
[TimeControl "180+1"]
[Date "2021.10.05"]
[WhiteClock "0:00:12"]
[BlackClock "0:00:01"]

1. e4 c5 2. Nc3 d6 3. f4 g6 4. Nf3 Bg7 5. Bc4 e6 6. d4 cxd4 7. Nxd4 a6 8. f5 exf5 9. exf5 Qh4+ 10. g3 Qxd4 11. Qe2+ Qe5 12. Ne4 Bxf5 13. Nxd6+ Kf8 14. Qxe5 Bxe5 15. Nxf7 Nc6 16. O-O Kg7 17. Nxh8 Bd4+ 18. Kg2 Kxh8 19. Bf4 Nf6 20. c3 Be5 21. Rae1 Bxf4 22. Rxf4 Rd8 23. Re2 Kg7 24. h3 h5 25. Rff2 Ne4 26. Rf4 Nd6 27. Bb3 Nb5 28. a4 Nd6 29. Rd2 Nf7 30. Rxd8 Nfxd8 31. Bd5 Be6 32. Bf3 a5 33. Re4 Kf6 34. Re2 b6 35. Rd2 1-0


[Site "https://www.chess.com"]

[Event "Titled Tuesday Blitz October 5 2021"]
[White "Kamsky, Gata"]
[Black "Bodnaruk, Anastasia"]
[WhiteFideId "2000024"]
[BlackFideId "4181751"]
[WhiteElo "2603"]
[BlackElo "2406"]
[Result "1-0"]
[Round "03"]
[TimeControl "180+1"]
[Date "2021.10.05"]
[WhiteClock "0:00:44"]
[BlackClock "0:00:03"]

1. d4 Nf6 2. Nf3 g6 3. c3 Bg7 4. Bg5 O-O 5. Nbd2 d5 6. e3 b6 7. Be2 c5 8. O-O Nc6 9. a4 Bb7 10. Qb3 c4 11. Qa3 Re8 12. b3 cxb3 13. Qxb3 Na5 14. Qb4 Rc8 15. Rfc1 Ne4 16. Nxe4 dxe4 17. Nd2 Qd7 18. Nb3 Nc6 19. Qa3 e5 20. a5 f5 21. axb6 axb6 22. Rd1 exd4 23. cxd4 Ne7 24. Bxe7 Rxe7 25. Qb4 f4 26. Qxb6 Qf5 27. Ra5 Qf7 28. Nc5 Bd5 29. Qd6 Bh6 30. Ra3 Rc6 31. Qd8+ Re8 32. Qh4 g5 33. Qh5 f3 34. Qxf7+ Kxf7 35. Bb5 Rec8 36. Bxc6 Rxc6 37. Ra7+ Kg6 38. Ra6 Bf8 39. Rxc6+ Bxc6 40. d5 Bb5 41. d6 1-0


[Site "https://www.chess.com"]

[Event "Titled Tuesday Blitz October 5 2021"]
[White "Kanyamarala, Trisha"]
[Black "Sanal, Vahap"]
[WhiteFideId "45004722"]
[BlackFideId "6300545"]
[WhiteElo "2038"]
[BlackElo "2492"]
[Result "0-1"]
[Round "03"]
[TimeControl "180+1"]
[Date "2021.10.05"]
[WhiteClock "0:00:47"]
[BlackClock "0:02:19"]

1. d4 Nf6 2. c4 g6 3. Nc3 Bg7 4. e4 O-O 5. Nf3 d6 6. Be2 Nbd7 7. O-O e5 8. d5 Nc5 9. Qc2 a5 10. h3 Nh5 11. Bg5 f6 12. Be3 Nf4 13. Bd1 f5 14. Bxf4 exf4 15. exf5 Bxf5 16. Qd2 Bd3 17. Be2 Bf5 18. Bd1 g5 19. Bc2 g4 20. Bxf5 gxf3 21. Qc2 Qg5 22. Bg4 fxg2 23. Rfe1 f3 24. Ne4 Qg6 25. Rac1 Rae8 26. Qb1 Nxe4 0-1


[Site "https://www.chess.com"]

[Event "Titled Tuesday Blitz October 5 2021"]
[White "Karacsonyi, Gellert"]
[Black "Vovk, Orest"]
[WhiteFideId "764620"]
[BlackFideId "14113490"]
[WhiteElo "2215"]
[BlackElo "2203"]
[Result "1-0"]
[Round "03"]
[TimeControl "180+1"]
[Date "2021.10.05"]
[WhiteClock "0:00:47"]
[BlackClock "0:00:01"]

1. e4 g5 2. d4 h6 3. Nc3 Bg7 4. Be3 c5 5. Bc4 cxd4 6. Bxd4 Bxd4 7. Qxd4 Nf6 8. e5 Nc6 9. Qc5 b6 10. Bxf7+ Kxf7 11. Qc4+ e6 12. exf6 Qxf6 13. Nge2 a5 14. O-O-O Ne5 15. Qc7 Ba6 16. Ne4 Qg7 17. N2c3 Kg6 18. h4 Rhc8 19. Qd6 Rc6 20. Qd4 d5 21. hxg5 Rc4 22. Rxh6+ Kf7 23. Qxb6 dxe4 24. Qxe6+ Kf8 25. Rf6+ Nf7 26. Rd7 Qxg5+ 27. Kb1 Qxf6 28. Qxf6 1-0


[Site "https://www.chess.com"]

[Event "Titled Tuesday Blitz October 5 2021"]
[White "Karttunen, Mika"]
[Black "Timmermans, Mark"]
[WhiteFideId "502081"]
[BlackFideId "1026399"]
[WhiteElo "2343"]
[BlackElo "2460"]
[Result "0-1"]
[Round "03"]
[TimeControl "180+1"]
[Date "2021.10.05"]
[WhiteClock "0:00:08"]
[BlackClock "0:00:51"]

1. d4 Nf6 2. c4 e6 3. g3 d5 4. Nf3 Be7 5. Bg2 O-O 6. O-O dxc4 7. Ne5 Nc6 8. Nxc6 bxc6 9. Na3 Nd5 10. Nxc4 Bd7 11. Ne5 Bd6 12. Nd3 a5 13. Bd2 a4 14. Rc1 Qe7 15. a3 f5 16. e4 fxe4 17. Bxe4 Qf6 18. Rc4 Nb6 19. Rc2 Qxd4 20. Qe2 Nd5 21. Rfc1 Rae8 22. Rc4 Qf6 23. Rxa4 e5 24. Nc5 Bf5 25. Bxf5 Qxf5 26. Ne4 Nf6 27. Qc4+ Kh8 28. Be3 Nd5 29. Qe2 Qd7 30. Rac4 h6 31. Rxc6 Nf4 32. gxf4 exf4 33. Bd4 f3 34. Qd3 Rxe4 35. Qxe4 Qh3 36. Qg6 Bxh2+ 37. Kh1 Bg3+ 38. Kg1 Qg2# 0-1


[Site "https://www.chess.com"]

[Event "Titled Tuesday Blitz October 5 2021"]
[White "Khatoev, Eduard"]
[Black "Ibrahimli, Murad"]
[WhiteFideId "24145076"]
[BlackFideId "13410229"]
[WhiteElo "2382"]
[BlackElo "2109"]
[Result "0-1"]
[Round "03"]
[TimeControl "180+1"]
[Date "2021.10.05"]
[WhiteClock "0:00:21"]
[BlackClock "0:01:20"]

1. d4 Nf6 2. Nf3 g6 3. c4 Bg7 4. Nc3 d6 5. e4 O-O 6. Be2 e5 7. O-O Na6 8. Be3 exd4 9. Nxd4 Re8 10. f3 Nc5 11. Qd2 a5 12. Rad1 Nh5 13. g4 Nf6 14. Bg5 Nfxe4 15. fxe4 Bxd4+ 16. Kh1 Bxc3 17. Qf4 f6 18. bxc3 fxg5 19. Qf7+ Kh8 20. e5 Be6 21. Qf3 Qe7 22. exd6 cxd6 23. Qg3 Rad8 24. Bf3 Bxc4 25. Rfe1 Qf6 26. Rxe8+ Rxe8 27. Rxd6 Qxc3 28. Kg2 Ne4 29. Bxe4 Qxg3+ 30. hxg3 Rxe4 0-1


[Site "https://www.chess.com"]

[Event "Titled Tuesday Blitz October 5 2021"]
[White "Koellner, Ruben Gideon"]
[Black "Kezin, Roman"]
[WhiteFideId "12993093"]
[BlackFideId "24124621"]
[WhiteElo "2562"]
[BlackElo "2557"]
[Result "0-1"]
[Round "03"]
[TimeControl "180+1"]
[Date "2021.10.05"]
[WhiteClock "0:00:13"]
[BlackClock "0:02:04"]

1. d4 d5 2. Bf4 c5 3. e3 Nc6 4. c3 Qb6 5. Qb3 c4 6. Qc2 e5 7. dxe5 Bf5 8. Qc1 g5 9. Bg3 h5 10. h4 g4 11. Ne2 Bg7 12. Nd4 Nge7 13. Nd2 Nxe5 14. b3 Nd3+ 15. Bxd3 Bxd3 16. Qa3 Bf6 17. Qd6 Qxd6 18. Bxd6 O-O-O 19. Bg3 Nf5 20. Rc1 Nxg3 21. fxg3 Be5 22. Nf1 Rh6 23. Ne2 Ra6 24. Nf4 Bxf4 25. gxf4 Rxa2 26. bxc4 Re2+ 27. Kd1 dxc4 28. Ra1 Rxg2 29. Ke1 Re2+ 30. Kd1 Rc2 31. Ng3 Be4+ 32. Ke1 Bxh1 33. Nxh1 Rxc3 0-1


[Site "https://www.chess.com"]

[Event "Titled Tuesday Blitz October 5 2021"]
[White "Korchmar, Vasiliy"]
[Black "Chernomordik, Pavel"]
[WhiteFideId "24131750"]
[BlackFideId "2804530"]
[WhiteElo "2370"]
[BlackElo "2281"]
[Result "0-1"]
[Round "03"]
[TimeControl "180+1"]
[Date "2021.10.05"]
[WhiteClock "0:00:01"]
[BlackClock "0:00:14"]

1. e4 g6 2. h4 d5 3. h5 dxe4 4. hxg6 fxg6 5. Nc3 Nf6 6. Bc4 e5 7. Qe2 Nc6 8. Nxe4 Nd4 9. Nxf6+ Qxf6 10. Qd1 Bc5 11. Nf3 Bg4 12. Be2 Nxe2 13. Qxe2 O-O-O 14. d3 Rdf8 15. Bh6 Bxf3 16. gxf3 Qxf3 17. Qxf3 Rxf3 18. Rh2 Re8 19. Ke2 Rf5 20. c3 Kd7 21. Rg1 Bd6 22. Be3 Re7 23. Rh6 Rff7 24. Rgh1 Ke6 25. b4 a6 26. a4 b5 27. a5 Kd5 28. f3 c5 29. Rc1 cxb4 30. c4+ bxc4 31. dxc4+ Kc6 32. c5 Bc7 33. Rh4 Bxa5 34. Ra1 Kb5 35. Re4 Bc7 36. Bd2 a5 37. Be3 Re6 38. Rb1 Ref6 39. Rb2 Rxf3 40. Rb1 Rh3 41. Rc1 Kc6 42. Kd3 Rff3 43. Rc2 h6 44. Rc1 g5 45. Rc2 h5 46. Ke2 Rfg3 47. Kd3 g4 48. Rf2 Rf3 49. Rg2 g3 50. Re2 Kd5 51. Re1 g2 0-1


[Site "https://www.chess.com"]

[Event "Titled Tuesday Blitz October 5 2021"]
[White "Kotepalli, Sai Nirupama"]
[Black "Mikhalevski, Victor"]
[WhiteFideId "5039444"]
[BlackFideId "2801914"]
[WhiteElo "2440"]
[BlackElo "2577"]
[Result "0-1"]
[Round "03"]
[TimeControl "180+1"]
[Date "2021.10.05"]
[WhiteClock "0:00:01"]
[BlackClock "0:00:06"]

1. e4 c5 2. Nf3 d6 3. d3 g6 4. g3 Bg7 5. Bg2 Nc6 6. O-O e6 7. c3 Nge7 8. Be3 O-O 9. Na3 b6 10. Qd2 Ba6 11. Rfe1 Ne5 12. Nxe5 dxe5 13. Rad1 Nc6 14. Nc2 Qc7 15. Bh6 Rad8 16. Bxg7 Kxg7 17. Qe3 Na5 18. Rd2 Rd7 19. Red1 Rfd8 20. h4 h6 21. b3 Nc6 22. g4 Rd6 23. g5 hxg5 24. hxg5 Qe7 25. Ne1 Rh8 26. Qg3 Qc7 27. Nf3 Rd7 28. Nh2 Qd8 29. Nf3 Qc7 30. Nh2 Rhd8 31. Ng4 c4 32. bxc4 Bxc4 33. Qf3 Ba6 34. Qf6+ Kf8 35. Qh8+ Ke7 36. Qf6+ Ke8 37. Qf3 Rd6 38. Qg3 Rc8 39. Nxe5 Rdd8 40. Nxc6 Qxg3 41. fxg3 Rxc6 42. c4 Rd4 43. Bf1 Rc5 44. Kf2 Rxg5 45. Ke3 e5 46. Kf2 f5 47. exf5 gxf5 48. Re2 e4 49. Re3 Kf7 50. Rde1 Bb7 51. dxe4 Bxe4 52. Bg2 Rd2+ 53. R1e2 Rxe2+ 54. Rxe2 Bxg2 55. Kxg2 Rg4 56. Rf2 Ke6 57. Rc2 Kd6 58. Kf3 Kc5 59. Rd2 Rxc4 60. Rd7 Ra4 61. Rd2 b5 62. Rc2+ Rc4 63. Re2 Kb4 64. Re5 Rc2 65. a3+ Ka4 66. Rxf5 Rc3+ 67. Kf4 Rxa3 68. g4 Ra1 69. g5 Rf1+ 70. Kg4 Rxf5 71. Kxf5 b4 72. g6 b3 73. g7 b2 74. g8=Q b1=Q+ 75. Ke5 Qb2+ 76. Ke4 Qb4+ 77. Ke5 Qc3+ 78. Ke4 a5 79. Qa2+ Kb4 80. Qb1+ Ka3 81. Kf5 a4 0-1


[Site "https://www.chess.com"]

[Event "Titled Tuesday Blitz October 5 2021"]
[White "Kovalchuk94"]
[Black "Kononenko, Dmitry"]
[BlackFideId "14113538"]
[WhiteElo "2692"]
[BlackElo "2250"]
[Result "0-1"]
[Round "03"]
[TimeControl "180+1"]
[Date "2021.10.05"]
[WhiteClock "0:00:01"]
[BlackClock "0:00:09"]

1. d4 d5 2. c4 c6 3. cxd5 cxd5 4. Bf4 Nc6 5. e3 Nf6 6. Nc3 a6 7. Bd3 Bg4 8. Nge2 e6 9. O-O Bd6 10. Qb3 O-O 11. Rfc1 Na5 12. Qc2 b5 13. Bg5 h6 14. Bh4 Rc8 15. a3 Nc4 16. h3 Bxe2 17. Qxe2 Be7 18. Bg3 Bd6 19. f4 Qb6 20. Nd1 Ne4 21. Bxe4 dxe4 22. Rc2 Qb7 23. Rac1 Nb6 24. Nc3 Rc7 25. Be1 Rfc8 26. Nd1 Nd5 27. g3 Qb6 28. Rxc7 Rxc7 29. Rxc7 Qxc7 30. Qd2 Qc4 31. Nc3 Nf6 32. Kg2 g5 33. Qe2 Qc6 34. fxg5 hxg5 35. Qf2 Kg7 36. Qc2 Qc7 37. Qe2 Qc6 38. Qc2 Qc4 39. Qe2 Qb3 40. Qf2 a5 41. Qe2 b4 42. axb4 axb4 43. Nd1 Kg6 44. Nf2 Qa2 45. Qc2 b3 46. Qd2 Qb1 47. g4 Be7 48. Kf1 Bd6 49. Ke2 Qa1 50. Qc3 Qa6+ 51. Kd1 Qb5 52. Qd2 Nd5 53. Nxe4 Bb4 54. Qe2 Qa4 55. Qd3 Qa1+ 56. Ke2 Qxb2+ 0-1


[Site "https://www.chess.com"]

[Event "Titled Tuesday Blitz October 5 2021"]
[White "Krysa, Leandro"]
[Black "Indjic, Aleksandar"]
[WhiteFideId "116807"]
[BlackFideId "911925"]
[WhiteElo "2490"]
[BlackElo "2643"]
[Result "0-1"]
[Round "03"]
[TimeControl "180+1"]
[Date "2021.10.05"]
[WhiteClock "0:00:02"]
[BlackClock "0:01:05"]

1. e4 e5 2. Nf3 Nc6 3. Bb5 a6 4. Ba4 Nf6 5. d3 d6 6. c3 g6 7. O-O Bg7 8. h3 O-O 9. Re1 b5 10. Bc2 h6 11. a4 Bb7 12. Nbd2 b4 13. a5 Rb8 14. Nc4 Nh5 15. Be3 Re8 16. Qd2 Kh7 17. d4 bxc3 18. bxc3 Nf6 19. dxe5 Nxe5 20. Ncxe5 dxe5 21. Qxd8 Rbxd8 22. Nd2 Bc6 23. Rab1 Bf8 24. f3 Nh5 25. Nb3 Nf4 26. Rbd1 Ne6 27. Bd3 Bb5 28. Bxb5 axb5 29. a6 Ra8 30. Ra1 Red8 31. Ra5 Rd3 32. Rxb5 Rxa6 33. Rxe5 Rxc3 34. Nd2 Ra2 35. Nf1 Rcc2 36. g3 Bd6 37. Rb5 Rg2+ 38. Kh1 Bxg3 39. Rd1 Bf4 40. Bg1 Rgc2 41. Rd7 Kg7 0-1


[Site "https://www.chess.com"]

[Event "Titled Tuesday Blitz October 5 2021"]
[White "Kuegel, Tobias"]
[Black "Cunha, Lucas Aguiar"]
[WhiteFideId "4636295"]
[BlackFideId "2125404"]
[WhiteElo "2438"]
[BlackElo "2361"]
[Result "0-1"]
[Round "03"]
[TimeControl "180+1"]
[Date "2021.10.05"]
[WhiteClock "0:00:02"]
[BlackClock "0:00:14"]

1. Nf3 d5 2. b3 c5 3. Bb2 Nc6 4. e3 a6 5. Be2 Nf6 6. O-O Bg4 7. d4 e6 8. Ne5 Bf5 9. Nd2 cxd4 10. exd4 Rc8 11. c3 Nxe5 12. dxe5 Nd7 13. f4 Qa5 14. g4 Be4 15. Nxe4 dxe4 16. Kh1 Be7 17. Qd4 Qc7 18. Qxe4 Nc5 19. Qg2 O-O 20. Rad1 b5 21. c4 b4 22. Bf3 a5 23. Qc2 a4 24. Rd2 Rfd8 25. Rfd1 Rxd2 26. Rxd2 axb3 27. axb3 g5 28. Be4 gxf4 29. Bxh7+ Kg7 30. Bf5 Qb7+ 31. Kg1 exf5 32. gxf5 Bg5 33. Rg2 Kh6 34. e6 Qe4 35. Qf2 f3 36. Rg3 Be3 37. Rh3+ Kg5 38. Rg3+ Kxf5 39. Rxf3+ Kg4 40. Rg3+ Kh5 41. Rh3+ Kg6 42. Rg3+ Bg5 43. Rxg5+ Kxg5 44. Qf6+ Kg4 45. Qg7+ Qg6 46. Qd4+ Kh5+ 47. Kf2 Nd3+ 48. Ke3 Nxb2 49. Qxb2 Qg5+ 50. Kf2 Qf4+ 51. Kg2 Rg8+ 52. Kh1 Qf1# 0-1


[Site "https://www.chess.com"]

[Event "Titled Tuesday Blitz October 5 2021"]
[White "Le, Tuan Minh"]
[Black "Atabayev, Saparmyrat"]
[WhiteFideId "12401153"]
[BlackFideId "14000571"]
[WhiteElo "2450"]
[BlackElo "2483"]
[Result "1-0"]
[Round "03"]
[TimeControl "180+1"]
[Date "2021.10.05"]
[WhiteClock "0:01:02"]
[BlackClock "0:00:17"]

1. d4 Nf6 2. Bf4 d5 3. e3 c5 4. c3 Nc6 5. Nd2 Qb6 6. Qc2 g6 7. Ngf3 Bf5 8. dxc5 Qxc5 9. Qb3 Na5 10. Qa4+ Nc6 11. Be2 Bg7 12. O-O O-O 13. Rfd1 Rfe8 14. Rac1 e5 15. Bg3 Qb6 16. Nb3 Rad8 17. Qb5 Qxb5 18. Bxb5 a6 19. Bxc6 bxc6 20. Bxe5 Bg4 21. Bd4 Rb8 22. c4 Be6 23. Nc5 dxc4 24. Nxe6 Rxe6 25. Rxc4 Nd5 26. Bxg7 Kxg7 27. Nd4 Re4 28. b3 Ne7 29. Rdc1 Rd8 30. Kf1 a5 31. g3 Rd6 32. Kg2 f5 33. Rc5 a4 34. bxa4 Rd7 35. a5 Ra7 36. Rb1 h5 37. h4 Kh6 38. Rb6 Nd5 39. Rbxc6 Nxe3+ 40. fxe3 Rxe3 41. Nxf5+ 1-0


[Site "https://www.chess.com"]

[Event "Titled Tuesday Blitz October 5 2021"]
[White "Lehtosaari, Mauri"]
[Black "Nenezic, Marko"]
[WhiteFideId "501999"]
[BlackFideId "912123"]
[WhiteElo "2448"]
[BlackElo "2484"]
[Result "0-1"]
[Round "03"]
[TimeControl "180+1"]
[Date "2021.10.05"]
[WhiteClock "0:00:01"]
[BlackClock "0:00:13"]

1. d4 Nf6 2. Nf3 g6 3. g3 Bg7 4. Bg2 O-O 5. O-O d6 6. b3 c5 7. Bb2 cxd4 8. Nxd4 d5 9. Nd2 e5 10. N4f3 e4 11. Nd4 Nc6 12. Nxc6 bxc6 13. c4 Ng4 14. Bxg7 Kxg7 15. cxd5 e3 16. Nc4 exf2+ 17. Kh1 cxd5 18. Bxd5 Rb8 19. Bf3 Qg5 20. Qd4+ Kg8 21. Rad1 Be6 22. Bxg4 Bxg4 23. Qxf2 Rbe8 24. Rde1 Bh3 25. Qf4 Qd5+ 26. Qf3 Qe6 27. Rf2 Bf5 28. Kg1 Be4 29. Qf4 Ba8 30. Nd2 Rd8 31. Nf3 f6 32. h4 Rfe8 33. Kh2 Kg7 34. h5 g5 35. Qa4 Re7 36. Rff1 Rde8 37. Rf2 Qe3 38. Qd4 Bxf3 39. Rxf3 Qxd4 0-1


[Site "https://www.chess.com"]

[Event "Titled Tuesday Blitz October 5 2021"]
[White "Maghsoodloo, Parham"]
[Black "Hamidi, Amir Mohammad"]
[WhiteFideId "12539929"]
[BlackFideId "12563285"]
[WhiteElo "2601"]
[BlackElo "2239"]
[Result "0-1"]
[Round "03"]
[TimeControl "180+1"]
[Date "2021.10.05"]
[WhiteClock "0:00:12"]
[BlackClock "0:00:22"]

1. e4 e6 2. d4 d5 3. Nc3 Nf6 4. e5 Ne4 5. f4 Qh4+ 6. g3 Nxg3 7. Nf3 Qh5 8. hxg3 Qxh1 9. Be3 Bd7 10. Qe2 f6 11. Nh4 fxe5 12. O-O-O Be7 13. Qg4 exf4 14. Bxf4 g5 15. Bxg5 h5 16. Qf4 Rf8 17. Be2 Qxd1+ 18. Nxd1 Rxf4 19. gxf4 Bxg5 20. fxg5 Kf7 21. Nf2 Nc6 22. c3 e5 23. Bb5 exd4 24. cxd4 Rg8 25. Bxc6 Bxc6 26. Nf3 Ke6 27. Kd2 Kf5 28. Ke3 Re8+ 29. Ne5 Kxg5 30. Nh3+ Kf5 31. b4 Rxe5+ 32. dxe5 Kxe5 33. Ng5 d4+ 34. Kd3 Bb5+ 35. Kd2 Bc4 36. a4 Bd5 37. Kd3 c6 38. a5 b6 39. axb6 axb6 40. Nh3 c5 41. bxc5 bxc5 42. Ke2 c4 43. Nf2 Be4 44. Kd2 c3+ 45. Ke2 Bf5 0-1


[Site "https://www.chess.com"]